| TOP OF THE 1ST |
|
Tacoma Rainiers batting - Pitching for Toledo Mud Hens : RHP Joe Bradford
|
|
Pitching: RHP Joe Bradford
|
|
|
Batting: RHB David Aguilar
|
0-0: Foul Ball, location: 2F 0-1: Ball 1-1: Swinging Strike 1-2: Ball 2-2: Strikes out looking
|
|
Batting: RHB Sean Peake
|
0-0: Ball 1-0: Fly out, F9 (Flyball, 9LD, EV 105.6 MPH)
|
|
Batting: RHB Bill Vives
|
0-0: Ball 1-0: Ball 2-0: SINGLE (Line Drive, 7S, EV 96.3 MPH)
|
|
Batting: RHB Kevin Chafe
|
0-0: Ball 1-0: Ball 2-0: Ball 3-0: SINGLE (Flyball, 34D, EV 94.4 MPH) Bill Vives to second Runner from 2nd tries for 3rd, SAFE, throw by RF made to third
|
|
Batting: RHB Kumar Madugula
|
0-0: Foul Ball, location: 2F 0-1: Swinging Strike 0-2: Strikes out swinging
|
| Top of the 1st over - 0 runs, 2 hits, 0 errors, 2 left on base; Tacoma 0 - Toledo 0 |
| BOTTOM OF THE 1ST |
|
Toledo Mud Hens batting - Pitching for Tacoma Rainiers : RHP Amine Laurent
|
|
Pitching: RHP Amine Laurent
|
|
|
Batting: LHB Jamel Alexander
|
0-0: Foul Ball, location: 2F 0-1: Ball 1-1: DOUBLE (Line Drive, 7LS, EV 107.5 MPH)
|
|
Pinch Runner at 2nd Dave Calder:
|
|
|
Batting: SHB Raul Morales
|
0-0: Ball 1-0: Ball 2-0: Swinging Strike 2-1: SINGLE (Groundball, 4MD, EV 103.8 MPH) Dave Calder to third
|
|
Batting: LHB Andy Schumacher
|
0-0: Ball 1-0: Foul Ball, location: 2F 1-1: SINGLE (Line Drive, 3D, EV 97.5 MPH) Dave Calder scores Raul Morales to second Runner from 2nd tries for 3rd, SAFE, throw by RF made to third
|
|
Batting: RHB Zach Koblinski
|
0-0: Ground out U3 (Groundball, 3S, EV 64.4 MPH) Raul Morales scores Andy Schumacher to second
|
|
Batting: RHB Tim Borden
|
0-0: Called Strike 0-1: Ball 1-1: Swinging Strike 1-2: Ball 2-2: Strikes out looking
|
|
Batting: SHB Jamie Roberts
|
0-0: Fly out, F9 (Flyball, 9S, EV 94.4 MPH)
|
| Bottom of the 1st over - 2 runs, 3 hits, 0 errors, 1 left on base; Tacoma 0 - Toledo 2 |
| TOP OF THE 2ND |
|
Tacoma Rainiers batting - Pitching for Toledo Mud Hens : RHP Joe Bradford
|
|
Now in RF: Brady Jeleniewski
|
|
|
Batting: SHB Ismael Bello
|
0-0: Ball 1-0: Called Strike 1-1: Swinging Strike 1-2: Ground out 4-3 (Groundball, 4, EV 91.9 MPH)
|
|
Batting: SHB Tony de Lara
|
0-0: Fly out, F8 (Flyball, 8LM, EV 87.5 MPH)
|
|
Batting: RHB Jim Begger
|
0-0: Swinging Strike 0-1: DOUBLE (Line Drive, 9LD, EV 110.0 MPH)
|
|
Batting: RHB Matt Berkley
|
0-0: Ball 1-0: Called Strike 1-1: Ball 2-1: Foul Ball, location: 2F 2-2: Strikes out looking
|
| Top of the 2nd over - 0 runs, 1 hit, 0 errors, 1 left on base; Tacoma 0 - Toledo 2 |
| BOTTOM OF THE 2ND |
|
Toledo Mud Hens batting - Pitching for Tacoma Rainiers : RHP Amine Laurent
|
|
Batting: SHB Jared Boyce
|
0-0: Called Strike 0-1: Foul Ball, location: 2F 0-2: Ball 1-2: Foul Ball, location: 2F 1-2: Foul Ball, location: 2F 1-2: Strikes out swinging
|
|
Batting: RHB Paul Wood
|
0-0: Ball 1-0: Called Strike 1-1: Ground out 5-3 (Groundball, 56, EV 103.1 MPH)
|
|
Batting: RHB Josh Stinnett
|
0-0: Foul Ball, location: 2F 0-1: Foul Ball, location: 2F 0-2: Ball 1-2: Foul Ball, location: 2F 1-2: Foul Ball, location: 2F 1-2: Strikes out swinging
|
| Bottom of the 2nd over - 0 runs, 0 hits, 0 errors, 0 left on base; Tacoma 0 - Toledo 2 |
| TOP OF THE 3RD |
|
Tacoma Rainiers batting - Pitching for Toledo Mud Hens : RHP Joe Bradford
|
|
Batting: RHB David Aguilar
|
0-0: Ball 1-0: Ball 2-0: Foul Ball, location: 2F 2-1: Called Strike 2-2: Foul Ball, location: 2F 2-2: Fly out, F5 (Line Drive, 5, EV 69.4 MPH)
|
|
Batting: RHB Sean Peake
|
0-0: SINGLE (Groundball, 25, EV 68.1 MPH) (infield hit)
|
|
Batting: RHB Bill Vives
|
0-0: Called Strike Sean Peake steals 2nd base 0-1: Ball 1-1: Swinging Strike 1-2: Strikes out swinging
|
|
Batting: RHB Kevin Chafe
|
0-0: Ground out 5-3 (Groundball, 56, EV 98.8 MPH)
|
| Top of the 3rd over - 0 runs, 1 hit, 0 errors, 1 left on base; Tacoma 0 - Toledo 2 |
| BOTTOM OF THE 3RD |
|
Toledo Mud Hens batting - Pitching for Tacoma Rainiers : RHP Amine Laurent
|
|
Batting: RHB Brady Jeleniewski
|
0-0: Called Strike 0-1: Foul Ball, location: 2F 0-2: Foul Ball, location: 2F 0-2: Strikes out swinging
|
|
Batting: SHB Raul Morales
|
0-0: Ball 1-0: Ball 2-0: Foul Ball, location: 2F 2-1: Called Strike 2-2: Ball 3-2: Base on Balls
|
|
Batting: LHB Andy Schumacher
|
0-0: Called Strike 0-1: Ball 1-1: Called Strike Raul Morales steals 2nd base 1-2: Ground out 6-3 (Groundball, 6S, EV 71.9 MPH) Raul Morales to third
|
|
Batting: RHB Zach Koblinski
|
0-0: SINGLE (Line Drive, 6M, EV 98.8 MPH) Raul Morales scores
|
|
Batting: RHB Tim Borden
|
0-0: Called Strike 0-1: SINGLE (Groundball, 6MD, EV 108.8 MPH) Zach Koblinski to second Runner from 2nd tries for 3rd, SAFE, throw by CF made to third
|
|
Batting: SHB Jamie Roberts
|
0-0: Ball 1-0: Ball 2-0: Foul Ball, location: 2F 2-1: Foul Ball, location: 2F 2-2: Ball 3-2: Foul Ball, location: 2F 3-2: Base on Balls Tim Borden to second
|
|
Batting: SHB Jared Boyce
|
0-0: Ball 1-0: Ball 2-0: Ball 3-0: Called Strike 3-1: Foul Ball, location: 2F 3-2: Foul Ball, location: 2F 3-2: Hit by Pitch Zach Koblinski scores Tim Borden to third Jamie Roberts to second
|
|
Batting: RHB Paul Wood
|
0-0: Called Strike 0-1: Ball 1-1: Fielders Choice at 2nd, 6-4 (Groundball, 6, EV 78.8 MPH)
|
| Bottom of the 3rd over - 2 runs, 2 hits, 0 errors, 3 left on base; Tacoma 0 - Toledo 4 |
| TOP OF THE 4TH |
|
Tacoma Rainiers batting - Pitching for Toledo Mud Hens : RHP Joe Bradford
|
|
Batting: RHB Kumar Madugula
|
0-0: Foul Ball, location: 2F 0-1: Ball 1-1: Foul Ball, location: 2F 1-2: Fly out, F9 (Flyball, 9LD, EV 104.4 MPH)
|
|
Batting: SHB Ismael Bello
|
0-0: SINGLE (Groundball, 6D, EV 98.8 MPH)
|
|
Batting: SHB Tony de Lara
|
0-0: Called Strike 0-1: Swinging Strike 0-2: Strikes out swinging
|
|
Batting: RHB Jim Begger
|
0-0: Called Strike 0-1: Called Strike 0-2: Foul Ball, location: 2F 0-2: Foul Ball, location: 2F 0-2: Ball 1-2: Strikes out swinging, 2-3 out at first.
|
| Top of the 4th over - 0 runs, 1 hit, 0 errors, 1 left on base; Tacoma 0 - Toledo 4 |
| BOTTOM OF THE 4TH |
|
Toledo Mud Hens batting - Pitching for Tacoma Rainiers : RHP Amine Laurent
|
|
Batting: RHB Josh Stinnett
|
0-0: Ball 1-0: Ball 2-0: Ground out 4-3 (Groundball, 4, EV 87.5 MPH)
|
|
Batting: RHB Brady Jeleniewski
|
0-0: Ball 1-0: Ball 2-0: Foul Ball, location: 2F 2-1: Ball 3-1: Fly out, F7 (Flyball, 78S, EV 86.9 MPH)
|
|
Batting: SHB Raul Morales
|
0-0: Called Strike 0-1: Ball 1-1: Ball 2-1: Swinging Strike 2-2: Fly out, F5 (Popup, 25F, EV 84.4 MPH)
|
| Bottom of the 4th over - 0 runs, 0 hits, 0 errors, 0 left on base; Tacoma 0 - Toledo 4 |
| TOP OF THE 5TH |
|
Tacoma Rainiers batting - Pitching for Toledo Mud Hens : RHP Joe Bradford
|
|
Batting: RHB Matt Berkley
|
0-0: Called Strike 0-1: DOUBLE (Flyball, 89XD, EV 106.3 MPH)
|
|
Batting: RHB David Aguilar
|
0-0: Called Strike 0-1: Foul Ball, location: 2F 0-2: Ball 1-2: Strikes out swinging
|
|
Batting: RHB Sean Peake
|
0-0: Ball 1-0: Foul Ball, location: 2F 1-1: Foul Ball, location: 2F 1-2: Strikes out swinging
|
|
Batting: RHB Bill Vives
|
0-0: Called Strike 0-1: Foul Ball, location: 2F 0-2: Ball 1-2: Fly out, F9 (Line Drive, 9, EV 92.5 MPH)
|
| Top of the 5th over - 0 runs, 1 hit, 0 errors, 1 left on base; Tacoma 0 - Toledo 4 |
| BOTTOM OF THE 5TH |
|
Toledo Mud Hens batting - Pitching for Tacoma Rainiers : RHP Amine Laurent
|
|
Batting: LHB Andy Schumacher
|
0-0: Foul Ball, location: 2F 0-1: Ball 1-1: Swinging Strike 1-2: Foul Ball, location: 2F 1-2: Ball 2-2: Ball 3-2: Base on Balls
|
|
Batting: RHB Zach Koblinski
|
0-0: Called Strike 0-1: Foul Ball, location: 2F 0-2: Ball 1-2: Foul Ball, location: 2F 1-2: SINGLE (Line Drive, 7S, EV 98.1 MPH) Andy Schumacher to second
|
|
Batting: RHB Tim Borden
|
0-0: Ball 1-0: Foul Ball, location: 2F 1-1: Called Strike 1-2: Ball 2-2: Ball 3-2: Fly out, F8 (Flyball, 8LXD, EV 94.4 MPH) Runner from 2nd tags up, SAFE at 3rd, no throw by CF
|
|
Batting: SHB Jamie Roberts
|
0-0: Ball 1-0: Grounds into double play, 4-6-3 (Groundball, 34, EV 81.3 MPH)
|
| Bottom of the 5th over - 0 runs, 1 hit, 0 errors, 1 left on base; Tacoma 0 - Toledo 4 |
| TOP OF THE 6TH |
|
Tacoma Rainiers batting - Pitching for Toledo Mud Hens : RHP Joe Bradford
|
|
Batting: RHB Kevin Chafe
|
0-0: Ball 1-0: Fly out, F2 (Popup, 3SF, EV 81.9 MPH)
|
|
Batting: RHB Kumar Madugula
|
0-0: Called Strike 0-1: Hit by Pitch
|
|
Batting: SHB Ismael Bello
|
0-0: Ball 1-0: Called Strike 1-1: Swinging Strike 1-2: Fielders Choice at 2nd, 6-4 (Groundball, 6, EV 104.4 MPH)
|
|
Batting: SHB Tony de Lara
|
0-0: Foul Ball, location: 2F 0-1: Ball 1-1: Foul Ball, location: 2F 1-2: Strikes out looking
|
| Top of the 6th over - 0 runs, 0 hits, 0 errors, 1 left on base; Tacoma 0 - Toledo 4 |
| BOTTOM OF THE 6TH |
|
Toledo Mud Hens batting - Pitching for Tacoma Rainiers : RHP Amine Laurent
|
|
Pitching: RHP Settan Suzuki
|
|
|
Batting: SHB Jared Boyce
|
0-0: Ball 1-0: Called Strike 1-1: Called Strike 1-2: Ball 2-2: Strikes out looking
|
|
Batting: RHB Paul Wood
|
0-0: Ball 1-0: Called Strike 1-1: Ball 2-1: Foul Ball, location: 2F 2-2: Ball 3-2: Base on Balls
|
|
Batting: RHB Josh Stinnett
|
0-0: Called Strike 0-1: Ball 1-1: Ball 2-1: Ball 3-1: SINGLE (Groundball, 34D, EV 104.4 MPH) Paul Wood to second Runner from 2nd tries for 3rd, SAFE, throw by RF made to third
|
|
Batting: RHB Brady Jeleniewski
|
0-0: Called Strike 0-1: Ball 1-1: Ball 2-1: Fly out, F7 (Flyball, 78M, EV 93.1 MPH)
|
|
Batting: SHB Raul Morales
|
0-0: Ball 1-0: Called Strike 1-1: Ball Wild Pitch! Paul Wood scores Josh Stinnett to second 2-1: Ground out 4-3 (Groundball, 4, EV 93.1 MPH)
|
| Bottom of the 6th over - 1 run, 1 hit, 0 errors, 1 left on base; Tacoma 0 - Toledo 5 |
| TOP OF THE 7TH |
|
Tacoma Rainiers batting - Pitching for Toledo Mud Hens : RHP Joe Bradford
|
|
Batting: RHB Jim Begger
|
0-0: Ball 1-0: Foul Ball, location: 2F 1-1: Foul Ball, location: 2F 1-2: Fly out, F8 (Flyball, 78S, EV 89.4 MPH)
|
|
Batting: RHB Matt Berkley
|
0-0: Foul Ball, location: 2F 0-1: Foul Ball, location: 2F 0-2: Foul Ball, location: 2F 0-2: Strikes out swinging
|
|
Batting: RHB David Aguilar
|
0-0: Called Strike 0-1: Ground out 4-3 (Groundball, 4, EV 82.5 MPH)
|
| Top of the 7th over - 0 runs, 0 hits, 0 errors, 0 left on base; Tacoma 0 - Toledo 5 |
| BOTTOM OF THE 7TH |
|
Toledo Mud Hens batting - Pitching for Tacoma Rainiers : RHP Settan Suzuki
|
|
Batting: LHB Andy Schumacher
|
0-0: Called Strike 0-1: Ball 1-1: Called Strike 1-2: SINGLE (Flyball, 8LS, EV 94.4 MPH)
|
|
Batting: RHB Zach Koblinski
|
0-0: Foul Ball, location: 2F 0-1: Grounds into double play, 5-4-3 (Groundball, 56S, EV 85.6 MPH)
|
|
Batting: RHB Tim Borden
|
0-0: Ball 1-0: Fly out, F7 (Flyball, 7LS, EV 88.1 MPH)
|
| Bottom of the 7th over - 0 runs, 1 hit, 0 errors, 0 left on base; Tacoma 0 - Toledo 5 |
| TOP OF THE 8TH |
|
Tacoma Rainiers batting - Pitching for Toledo Mud Hens : RHP Joe Bradford
|
|
Batting: RHB Sean Peake
|
0-0: Ball 1-0: Ball 2-0: Swinging Strike 2-1: Fly out, F7 (Line Drive, 7, EV 91.9 MPH)
|
|
Pitching: RHP Ken Howington
|
|
|
Batting: RHB Bill Vives
|
0-0: Ball 1-0: Fly out, F4 (Popup, 3S, EV 79.4 MPH)
|
|
Batting: RHB Kevin Chafe
|
0-0: Ball 1-0: Ball 2-0: Ball 3-0: Base on Balls
|
|
Batting: RHB Kumar Madugula
|
0-0: Ball 1-0: Called Strike 1-1: Fielders Choice at 2nd, 5-4 (Groundball, 56, EV 88.8 MPH)
|
| Top of the 8th over - 0 runs, 0 hits, 0 errors, 1 left on base; Tacoma 0 - Toledo 5 |
| BOTTOM OF THE 8TH |
|
Toledo Mud Hens batting - Pitching for Tacoma Rainiers : RHP Settan Suzuki
|
|
Batting: SHB Jamie Roberts
|
0-0: Called Strike 0-1: Foul Ball, location: 2F 0-2: Ball 1-2: Foul Ball, location: 2F 1-2: Ball 2-2: Ball 3-2: Fly out, F8 (Flyball, 8LM, EV 96.9 MPH)
|
|
Batting: SHB Jared Boyce
|
0-0: Called Strike 0-1: Ball 1-1: SINGLE (Line Drive, 7LM, EV 102.5 MPH)
|
|
Pitching: RHP Nick Doty
|
|
|
Batting: RHB Paul Wood
|
0-0: Ball 1-0: Ball 2-0: Ball 3-0: Base on Balls Jared Boyce to second
|
|
Batting: RHB Josh Stinnett
|
0-0: Ball 1-0: Called Strike 1-1: Foul Ball, location: 2F 1-2: Strikes out swinging
|
|
Batting: RHB Brady Jeleniewski
|
0-0: Ball 1-0: Ground out 4-3 (Groundball, 4, EV 76.3 MPH)
|
| Bottom of the 8th over - 0 runs, 1 hit, 0 errors, 2 left on base; Tacoma 0 - Toledo 5 |
| TOP OF THE 9TH |
|
Tacoma Rainiers batting - Pitching for Toledo Mud Hens : RHP Ken Howington
|
|
Batting: SHB Ismael Bello
|
0-0: Swinging Strike 0-1: Ball 1-1: Ball 2-1: TRIPLE (Groundball, 3L, EV 102.5 MPH)
|
|
Batting: SHB Tony de Lara
|
0-0: Ball 1-0: Foul Ball, location: 2F 1-1: Swinging Strike 1-2: Strikes out swinging
|
|
Pinch Hitting: LHB Ryan Lowe
|
0-0: Foul Ball, location: 2F 0-1: Ball 1-1: Ground out 4-3 (Groundball, 13, EV 78.1 MPH) Ismael Bello scores
|
|
Pinch Hitting: LHB Caleb Domino
|
0-0: Called Strike 0-1: Ball 1-1: Foul Ball, location: 2F 1-2: Ground out 6-3 (Groundball, 6M, EV 91.3 MPH)
|
| Top of the 9th over - 1 run, 1 hit, 0 errors, 0 left on base; Tacoma 1 - Toledo 5 |
|